 Dungeon Crawl Stone Soup version 0.30.1-11-g7821555f0a (webtiles) character file.

Game seed: 8656205251147939964

3693 KyoPewz the Fighter (level 9, 0/46 HPs)
             Began as a Felid Enchanter on Jan 6, 2024.
             Was a Priest of Dithmenos.
             Slain by an orc warlord (25 damage)
             ... in a bailey.
             The game lasted 00:36:38 (8997 turns).

KyoPewz the Fighter (Felid Enchanter)               Turns: 8997, Time: 00:36:39

Health: 0/46       AC:  2    Str:  6    XL:     9   Next: 90%
Magic:  5/13       EV: 24    Int: 16    God:    Dithmenos [***...]
Gold:   791        SH:  0    Dex: 19    Spells: 1/12 levels left
                                        Lives:  0   Deaths: 2

rFire   . .          .
                       - Unarmed
rCold   . . .        (shield unavailable)
rNeg    + . .        (body armour unavailable)
rPois   .            (helmet unavailable)
rElec   .            (cloak unavailable)
rCorr   .            (gloves unavailable)
SInv    +            (boots unavailable)
Will    +....        n - amulet of the acrobat
Stlth   ++++++       N - ring of positive energy
HPRegen 0.27/turn    (no ring)
MPRegen 0.13/turn

%: acrobat
@: wreathed by umbra, studying Fighting, quick
A: very small, claws 1, fangs 3, see invisible, speed 1, shaggy fur 2, stealthy
paws, no weapons or thrown items, no armour, multi-lived
a: Renounce Religion, Shadow Step


You were in a bailey.
You worshipped Dithmenos.
Dithmenos was most pleased with you.
You visited 2 branches of the dungeon, and saw 9 of its levels.
You also visited: Ossuary and Bailey.

You collected 791 gold pieces.

Inventory:

Jewellery
 k - an amulet of guardian spirit
 n - an amulet of the acrobat (around neck)
 u - a ring of ice
 N - a ring of positive energy (left paw)
Wands
 x - a wand of flame (28)
 A - a wand of roots (12)
 C - a wand of charming (6)
Scrolls
 b - 2 scrolls of enchant weapon {unknown}
 c - a scroll of silence {unknown}
 e - a scroll of enchant armour {unknown}
 g - a scroll of poison {unknown}
 i - a scroll of noise {unknown}
 o - a scroll of amnesia {unknown}
 r - a scroll of identify
 s - a scroll of immolation {unknown}
 t - 2 scrolls of teleportation
 v - 2 scrolls of blinking {unknown}
 w - a scroll of vulnerability {unknown}
 y - a scroll of torment {unknown}
 z - a scroll of magic mapping {unknown}
 B - 3 scrolls of summoning {unknown}
 F - 2 scrolls of fear {unknown}
 G - 3 scrolls of acquirement {unknown}
Potions
 a - 2 potions of invisibility
 d - 2 potions of might {unknown}
 f - a potion of ambrosia {unknown}
 h - 2 potions of haste
 j - a potion of attraction
 l - 2 potions of heal wounds
 m - a potion of brilliance {unknown}
 p - a potion of curing {unknown}
 q - a potion of berserk rage {unknown}
 E - a potion of resistance {unknown}
 H - a potion of mutation {unknown}
 I - a potion of experience
Miscellaneous
 D - a piece from Xom's chessboard (15/15)


   Skills:
 - Level 10.0 Fighting
 - Level 10.0 Dodging
 - Level 9.0 Stealth
 - Level 5.0 Unarmed Combat
 - Level 2.0 Spellcasting
 + Level 3.0 Conjurations
 + Level 8.0 Hexes
 + Level 3.7 Ice Magic


You had one spell level left.
You knew the following spells:

 Your Spells              Type           Power      Damage    Failure   Level
a - Ensorcelled Hibernat  Hex/Ice        40%        N/A       2%          2
b - Confusing Touch       Hex            27%        N/A       2%          3
c - Tukima's Dance        Hex            27%        N/A       2%          3
d - Dazzling Flash        Conj/Hex       38%        N/A       6%          3

Your spell library contained the following spells:

 Spells                   Type           Power      Damage    Failure   Level
 Beastly Appendage        Tmut           2%         N/A       21%         1
 Wereblood                Tmut           1%         N/A       30%         2
 Spider Form              Tmut/Pois      1%         N/A       52%         3
 Animate Dead             Necr           1%         N/A       90%         4
 Haunt                    Necr/Summ      0%         N/A       100%        7
 Infestation              Necr           0%         N/A       100%        8


Dungeon Overview and Level Annotations

Branches:
Dungeon (8/15)             Temple (1/1) D:4         Ossuary (visited)
 Bailey (1/1)
   Lair: D:8-11

Altars:
Ashenzari
Dithmenos
Elyvilon
Fedhas
Gozag
Hepliaklqana
Kikubaaqudgha
Makhleb
Nemelex Xobeh
Okawaru
Ru
Trog
Uskayaw
Wu Jian
Xom
Yredelemnul
Zin
The Shining One

Shops:
D:6 (

Annotations:
D:3 1 runed translucent door, Peloso's ghost, amateur MiFi


Innate Abilities, Weirdness & Mutations

You have sharp claws.
You have razor-sharp teeth.
You have supernaturally acute eyesight. (SInv)
You cover ground quickly. (Speed+)
You are covered in thick fur. (AC +2)
Your paws help you pounce on unaware monsters.
You are incapable of wielding weapons or throwing items.
You cannot wear armour.
You gain extra lives every three experience levels.


Message History

You see here a +8 broad axe.
There is an open door, spattered with blood here.
Items here: ) [[ ÷.
There is an open door, spattered with blood here.
Items here: ))) [[[.
There is an open door, spattered with blood here.
Things that are here:
a +0 hand axe; a +0 leather armour
Things that are here:
a +0 hand axe; a +0 leather armour
Things that are here:
a +0 hand axe; a +0 leather armour
There is an open door, spattered with blood here.
Items here: ))) [[[[.
Casting: Ensorcelled Hibernation (safe; 2% risk of failure)
Confirm with . or Enter, or press ? or * to list all spells.
Aiming: Ensorcelled Hibernation (safe; 2% risk of failure)
Press: ? - help, Shift-Dir - straight line, f/p - orc warlord
Aim: an orc warlord, wearing a +0 plate armour (umbra, chance to affect: 20%)
Okay, then.
Casting: Ensorcelled Hibernation (safe; 2% risk of failure)
Confirm with . or Enter, or press ? or * to list all spells.
Aiming: Ensorcelled Hibernation (safe; 2% risk of failure)
Press: ? - help, Shift-Dir - straight line, f/p - orc warlord
Aim: an orc warlord, wearing a +0 plate armour (umbra, chance to affect: 20%)
Okay, then.
Unknown command.
Casting: Ensorcelled Hibernation (safe; 2% risk of failure)
Confirm with . or Enter, or press ? or * to list all spells.
Aiming: Ensorcelled Hibernation (safe; 2% risk of failure)
Press: ? - help, Shift-Dir - straight line, f/p - orc warlord
Aim: an orc warlord, wearing a +0 plate armour (umbra, chance to affect: 20%)
The orc warlord looks drowsy...
You now have 4/13 mp.
The helpless orc warlord fails to defend itself.
You eviscerate the orc warlord!!!
The orc warlord is moderately wounded.
The orc warlord hits you!!
Ouch! That really hurt!
You die...

♣♣##'''##♣♣ ##.....## #.......#
##.......## #.........#
##.........##
#######.....⌠.....#######
##.....##.........##.....##
#.......')....@o..[)......#
##....)).##..)...)##)......##
#......)))#..)....#.........#
##.......).##.)...##.........##
#.....⌠.....#######.....⌠.....#
##....)....##.....##....)))..##
#.........#[.....)#.........#
##...)...##.......##.......##
#...)...#.........#....)..#


You could see an orc warlord.

Vanquished Creatures
  An orc knight (Bailey)
  Pikel (D:7)
  A steam dragon (D:8)
  2 water moccasins (D:7)
  8 orc warriors
  A sky beast (D:6)
  An ice beast (D:6)
  4 black bears
  2 ogres
  A lemure (D:7)
  3 centaurs
  A bullfrog (D:7)
  A kobold brigand (D:7)
  2 scorpions
  2 howler monkeys
  2 centaur zombies (Ossuary)
  A hound (D:5)
  3 jellies
  A human zombie (Ossuary)
  3 iguanas
  6 orc wizards
  2 mummies (Ossuary)
  9 gnolls (Bailey)
  4 adders
  3 shadow imps
  2 white imps (D:7)
  2 ufetubi
  A worm (D:4)
  A dart slug (D:4)
  21 orcs
  8 ball pythons
  9 bats
  4 endoplasms
  A giant cockroach (D:4)
  2 gnoll zombies (Ossuary)
  16 goblins
  14 hobgoblins
  5 quokkas
  3 training dummies (D:6)
  A frilled lizard (D:1)
  4 goblin zombies
  A hobgoblin zombie (Ossuary)
  A jackal zombie (D:7)
  3 kobolds
  5 orc zombies (Ossuary)
  8 rats
177 creatures vanquished.

Vanquished Creatures (collateral kills)
  An orc warrior (Bailey)
  A centaur (D:7)
  A goblin (Bailey)
3 creatures vanquished.

Vanquished Creatures (others)
  3 dancing weapons (Bailey)
  A human (D:3)
  An orc (D:8)
5 creatures vanquished.

Grand Total: 185 creatures vanquished

Notes
Turn   | Place    | Note
-------+----------+-------------------------------------------
     0 | D:1      | KyoPewz the Felid Enchanter began the quest for the Orb.
     0 | D:1      | Reached XP level 1. HP: 7/7 MP: 4/4
   164 | D:1      | Reached XP level 2. HP: 11/11 MP: 6/6
   167 | D:1      | Learned a level 2 spell: Ensorcelled Hibernation
   198 | D:1      | Reached skill level 5 in Stealth
   256 | D:1      | Found a faded altar of an unknown god.
   862 | D:2      | Reached XP level 3. HP: 14/14 MP: 7/7
  1734 | D:3      | Found an ancient bone altar of Kikubaaqudgha.
  1865 | D:3      | Found a runed translucent door.
  1865 | D:3      | Noticed Peloso's ghost (amateur MiFi)
  1912 | D:3      | Found a shimmering altar of Xom.
  2006 | D:3      | Noticed a human
  2011 | D:3      | Killed a human
  2408 | D:3      | Reached XP level 4. HP: 8/18 MP: 3/8
  2532 | D:3      | Learned a level 3 spell: Confusing Touch
  2876 | D:4      | Found a staircase to the Ecumenical Temple.
  2885 | Temple   | Entered the Ecumenical Temple
  2912 | Temple   | Became a worshipper of Dithmenos the Shadowed
  2942 | D:4      | Reached skill level 1 in Fighting
  2970 | D:4      | Reached XP level 5. HP: 22/22 MP: 6/9
  3265 | D:4      | Found a burning altar of Makhleb.
  3576 | D:5      | Entered Level 5 of the Dungeon
  3783 | D:5      | HP: 1/24 [ufetubus (3)]
  3784 | D:5      | Slain by an ufetubus
  3785 | D:5      | Reached XP level 4. HP: -1/21 MP: 6/8
  3812 | D:5      | Reached XP level 5. HP: 25/25 MP: 4/9
  3908 | D:5      | Found a glowing golden altar of the Shining One.
  3937 | D:5      | Found a sparkling altar of Nemelex Xobeh.
  4081 | D:5      | Noticed an ogre
  4087 | D:5      | Killed an ogre
  4088 | D:5      | Reached skill level 5 in Fighting
  4114 | D:5      | Found a broken altar of Ashenzari.
  4466 | D:6      | Found an opulent altar of Gozag.
  4470 | D:6      | Noticed a sky beast
  4470 | D:6      | Noticed a centaur
  4481 | D:6      | Killed a sky beast
  4482 | D:6      | Reached skill level 5 in Hexes
  4482 | D:6      | Reached skill level 1 in Ice Magic
  4482 | D:6      | Gained mutation: You are covered in thick fur. (AC +2)
                  | [Felid growth]
  4482 | D:6      | Reached XP level 6. HP: 21/30 MP: 10/10
  4541 | D:6      | Noticed an ice beast
  4587 | D:6      | Killed an ice beast
  4588 | D:6      | Reached XP level 7. HP: 9/33 MP: 9/11
  4831 | D:6      | Shot with an arrow by a centaur
  4832 | D:6      | Reached XP level 6. HP: 0/31 MP: 7/10
  4894 | D:6      | Reached * piety under Dithmenos
  5052 | D:6      | Found a hazy altar of Hepliaklqana.
  5090 | D:6      | Found Ceeg's Firing Range.
  5199 | D:6      | Reached XP level 7. HP: 35/35 MP: 6/11
  5233 | D:6      | Reached skill level 5 in Dodging
  5574 | D:7      | Learned a level 3 spell: Tukima's Dance
  5662 | D:7      | Found a sand-covered staircase.
  5725 | Ossuary  | Entered an ossuary
  5751 | Ossuary  | Reached XP level 8. HP: 37/40 MP: 9/12
  6095 | D:7      | Reached ** piety under Dithmenos
  6152 | D:7      | Found a sacrificial altar of Ru.
  6152 | D:7      | Found a glowing silver altar of Zin.
  6156 | D:7      | Reached skill level 5 in Unarmed Combat
  6413 | D:7      | Noticed Pikel
  6494 | D:7      | Killed Pikel
  6495 | D:7      | Reached skill level 10 in Fighting
  6495 | D:7      | Reached XP level 9. HP: 33/46 MP: 2/13
  6766 | D:8      | Found a hide-covered altar of Uskayaw.
  6888 | D:8      | Learned a level 3 spell: Dazzling Flash
  6998 | D:8      | Reached skill level 1 in Conjurations
  7072 | D:8      | Found a flagged portal.
  7079 | Bailey   | Entered a bailey
  7531 | Bailey   | Reached *** piety under Dithmenos
  7644 | Bailey   | Noticed an orc knight
  7846 | Bailey   | Noticed an orc warlord
  8714 | Bailey   | Killed an orc knight
  8715 | Bailey   | Reached skill level 10 in Dodging
  8997 | Bailey   | Slain by an orc warlord

Illustrated notes

Levels and vault maps discovered:
D:1:      minmay_arrival_stone_box, layout_rooms,
          shapermc_ecumenical_altar_pompeii, chequers_garden,
          serial_park_tiny_pond, minmay_pentomino_s2
D:2:      layout_basic, kennysheep_crisscross
D:3:      layout_basic, tgw_kikubaaqudgha, xom_butterflies,
          hellmonk_ghost_happy_afterlife, amcnicky_mini_rare_corridor_liquid
D:4:      layout_cave_pods, lightli_temple_of_fire,
          minmay_temple_entry_crystal_x, minmay_manual_mail
D:5:      layout_gridville, kennysheep_mini, nemelex_spade_bored_becter,
          evilmike_ruin_ashenzari
D:6:      layout_cave_pools, nicolae_overflow_hidden_temple,
          palyth_stone_intersect, nicolae_shop_firing_range
D:7:      layout_basic, chequers_temple_overflow_statue_of_worship,
          enter_ossuary_3, nrook_uturn, uniq_pikel
D:8:      layout_basic, nicolae_qazlal_style_of_elements,
          mainiacjoe_overflow_surrounded_room, enter_bailey_2
Temple:   nicolae_temple_ecumenical_triangle
Bailey:   bailey_axe_minmay_hex_keep, bailey

Skill      XL: |  1  2  3  4  5  6  7  8  9 |
---------------+----------------------------+-----
Stealth        | 5 7 9 |  9.0
Fighting       | 1 5 7 10 | 10.0
Hexes          | 5 6 8 |  8.0
Ice Magic      | 1 2 3 |  3.7
Dodging        | 3 6 8 10 | 10.0
Unarmed Combat | 3 4 5 |  5.0
Conjurations   | 3 |  3.0
Spellcasting   | |  2.0

Action                     |  1- 3 |  4- 6 |  7- 9 || total
---------------------------+-------+-------+-------++-------
  Melee: Unarmed           |   124 |   127 |   333 ||   584
         Bite              |     6 |    15 |    41 ||    62
         Punch             |     1 |     2 |    15 ||    18
   Cast: Ensorcelled Hiber |    10 |    25 |    76 ||   111
         Confusing Touch   |       |     3 |     8 ||    11
         Tukima's Dance    |       |       |    21 ||    21
         Dazzling Flash    |       |       |     1 ||     1
 Invoke: Shadow Step       |       |       |     2 ||     2
  Evoke: Wand              |       |     1 |       ||     1
    Use: Scroll            |     4 |       |       ||     4
   Stab: Sleeping          |    17 |    27 |    44 ||    88
         Confused          |       |       |     6 ||     6
         Distracted        |       |       |     2 ||     2
 Armour: Skin              |     8 |     4 |    21 ||    33
  Dodge: Dodged            |   126 |    91 |   403 ||   620
